Map: Fracture LE

Players

Frontstab

  • Race: Protoss Protoss
  • Spawn Location: 11:00

Future - Winner!

  • Race: Terran Terran
  • Spawn Location: 5:00

Event: WCS Montreal 2018

VOD

Have the link to the VOD?

Description

Time

  • Played on: Sept. 7, 2018, 1:34 p.m.
  • Length: 7:43

All games in this series

Show
View Real Time Build Order
Export as new Build Order

Frontstab Protoss 

Build Orders:  

Get SALT Encoding   

  1  0:00  Probe  
  12  0:04  Probe  
  14  0:17  Pylon  
  14  0:20  Probe  
  15  0:35  Forge  
  15  0:54  Pylon  
  14  1:14  Pylon  
  14  1:16  Pylon  
  14  1:18  Pylon  
  14  1:32  Photon Cannon  
  14  1:34  Photon Cannon  
  14  1:35  Probe  
  15  1:50  Pylon  
  15  1:51  Pylon  
  15  2:07  Probe  
  16  2:10  Assimilator  
  16  2:12  Gateway  
  16  2:15  Probe  
  17  2:23  Probe  
  18  2:35  Probe  
  19  2:40  Assimilator  
  19  2:59  Probe  
  19  3:01  Pylon  
  19  3:04  Cybernetics Core  
  19  3:09  Photon Cannon  
  19  3:11  Probe  
  20  3:34  Gateway  
  20  3:40  Robotics Facility  
  20  3:41  Stalker  
  20  3:42  Probe  
  23  4:13  Pylon  
  25  4:26  Shield Battery  
  25  4:29  Shield Battery  
  14  4:49  Immortal  
  14  5:01  Probe  
  15  5:13  Stalker  
  15  5:23  Probe  
  16  5:43  Stalker  
  12  6:13  Stalker  
  12  6:47  Stalker  
Show
View Real Time Build Order
Export as new Build Order

Future Terran - Winner!

Build Orders:  

Get SALT Encoding   

  12  0:00  SCV  
  13  0:13  SCV  
  14  0:17  Supply Depot  
  14  0:25  SCV  
  14  0:28  Refinery  
  15  0:39  SCV  
  16  0:44  Barracks  
  16  0:51  SCV  
  17  1:09  SCV  
  18  1:30  Marine  
  19  1:33  Bunker  
  19  1:48  Marine  
  19  2:10  Marine  
  19  2:13  Orbital Command  
  17  2:37  Factory  
  17  2:39  SCV  
  18  2:49  Barracks Reactor  
  18  2:52  SCV  
  18  2:57  Supply Depot  
  19  3:06  SCV  
  20  3:18  SCV  
  21  3:21  Cyclone  
  21  3:26  Marine x2  
  26  3:27  Supply Depot  
  26  3:31  SCV  
  27  3:43  Starport  
  27  3:44  Marine  
  27  3:45  Marine  
  29  3:48  SCV  
  29  3:55  Factory Tech Lab  
  30  3:57  Supply Depot  
  30  4:01  SCV  
  31  4:05  Marine  
  31  4:06  Marine  
  33  4:13  SCV  
  34  4:25  SCV  
  34  4:26  Hellion  
  34  4:27  Marine x2  
  39  4:45  Marine x2  
  37  4:48  Hellion  
  34  4:54  Command Center  
  33  5:02  Refinery  
  33  5:05  Raven  
  35  5:11  Marine x2  
  35  5:13  Factory Tech Lab  
  37  5:16  SCV  
  38  5:29  SCV, Marine x2, Supply Depot  
  40  5:45  Siege Tank  
  40  5:49  Marine  
  41  5:51  SCV  
  41  5:53  Marine  
  41  5:59  Viking  
  41  6:03  SCV  
  41  6:07  Marine  
  41  6:11  Bunker, Marine  
  43  6:21  Siege Tank  
  43  6:25  Marine  
  46  6:29  Marine  
  45  6:35  Viking  
  45  6:37  SCV  
  45  6:43  Marine  
  45  6:46  Marine, Orbital Command  
  46  6:49  SCV  
  47  6:58  Siege Tank  
  47  7:01  SCV, Marine  
  51  7:07  Marine  
  53  7:11  SCV  
  53  7:16  SCV  
  53  7:18  Marine  
  55  7:23  SCV  
  55  7:25  Barracks  
  55  7:28  Barracks  
Tags
 
Add a new tag
Caveats
  • Supply blocks, unpowered buildings, or Contaminate may cause inaccurate times.
  • Supply counts are checked every 10 seconds.